[Event "2026 European Womens Championship"]
[Site "Batumi, GE"]
[Date "2026.05.26"]
[Round "2"]
[White "Huseynova, Lala"]
[Black "Efroimski, Marsel"]
[Result "1/2-1/2"]
[Board "40"]
[TimeControl "5400+30"]
[WhiteFideId "13431781"]
[BlackFideId "2810964"]
[WhiteElo "2149"]
[BlackElo "2386"]
[WhiteTitle "WFM"]
[BlackTitle "IM"]
[WhiteClock "0:01:54"]
[BlackClock "0:02:45"]
[Variant "Standard"]

1. e4 e5 2. Nf3 Nc6 3. Bb5 a6 4. Ba4 Nf6 5. O-O Be7 6. Re1 b5 7. Bb3 O-O 8. c3 d5 9. exd5 Nxd5 10. Nxe5 Nxe5 11. Rxe5 c6 12. d3 Bd6 13. Re1 Qh4 14. g3 Qh3 15. Re4 Nf6 16. Rh4 Qf5 17. Bc2 Qg6 18. Nd2 Bg4 19. Nf3 Nh5 20. h3 Bf5 21. Ne5 Bxe5 22. Rxh5 Bc7 23. Qf3 Bd7 24. Rg5 Qe6 25. d4 g6 26. h4 Qe1+ 27. Kg2 f6 28. Rc5 Bb6 29. Rxc6 Bxc6 30. Qxc6 Rab8 31. Bb3+ Kh8 32. Bf4 Qxa1 33. Bxb8 Qe1 34. Qxb6 Qe4+ 35. Kh2 Qe2 36. d5 g5 37. hxg5 Kg7 38. Bf4 fxg5 39. Qc7+ Kg6 40. Be3 Rxf2+ 41. Bxf2 Qxf2+ 42. Kh1 Qf1+ 43. Kh2 Qf2+ 1/2-1/2

[Event "2026 European Womens Championship"]
[Site "Batumi, GE"]
[Date "2026.05.26"]
[Round "2"]
[White "Atalik, Ekaterina"]
[Black "Mgeladze, Kesaria"]
[Result "1/2-1/2"]
[Board "41"]
[TimeControl "5400+30"]
[WhiteFideId "4130189"]
[BlackFideId "13621130"]
[WhiteElo "2372"]
[BlackElo "2147"]
[WhiteTitle "IM"]
[BlackTitle "WIM"]
[WhiteClock "0:06:25"]
[BlackClock "0:02:54"]
[Variant "Standard"]

1. d4 Nf6 2. c4 e6 3. Nc3 Bb4 4. e3 O-O 5. Bd2 d5 6. Nf3 b6 7. cxd5 exd5 8. Bd3 Bd6 9. O-O Bb7 10. Re1 Nbd7 11. Qc2 c5 12. Rad1 Rc8 13. Bf5 g6 14. Bh3 c4 15. Ne5 Bxe5 16. dxe5 Nxe5 17. Bxc8 Qxc8 18. Bc1 Nd3 19. Rf1 d4 20. Ne2 Nb4 21. Qd2 d3 22. Ng3 Qc6 23. f3 Nxa2 24. e4 b5 25. b3 Nxc1 26. Rxc1 Nd7 27. bxc4 bxc4 28. Rfe1 Nb6 29. e5 Rd8 30. Ne4 Nd5 31. Qh6 f6 32. exf6 Nxf6 33. Nxf6+ Qxf6 34. Qd2 Ba6 35. Kh1 Bb5 36. Re4 a6 37. h4 Rc8 38. Rc3 Rd8 39. Rc1 Rc8 40. Rc3 Rd8 1/2-1/2

[Event "2026 European Womens Championship"]
[Site "Batumi, GE"]
[Date "2026.05.26"]
[Round "2"]
[White "Gaponenko, Inna"]
[Black "Ismayil, Malak"]
[Result "1-0"]
[Board "42"]
[TimeControl "5400+30"]
[WhiteFideId "14101181"]
[BlackFideId "13412604"]
[WhiteElo "2331"]
[BlackElo "2122"]
[WhiteTitle "IM"]
[BlackTitle "WIM"]
[WhiteClock "0:02:35"]
[BlackClock "0:03:27"]
[Variant "Standard"]

1. e4 e5 2. Nf3 Nc6 3. Bb5 a6 4. Ba4 Nf6 5. O-O Be7 6. Bxc6 dxc6 7. Re1 Bg4 8. h3 Bxf3 9. Qxf3 Bc5 10. d3 Qe7 11. Nd2 Nd7 12. c3 h5 13. b4 Ba7 14. Nf1 O-O-O 15. Be3 Bxe3 16. Qxe3 b6 17. a4 Kb7 18. Rab1 Nf8 19. d4 exd4 20. cxd4 Qd6 21. d5 cxd5 22. exd5 Ng6 23. Red1 Ne5 24. Ng3 Rhe8 25. Nxh5 g6 26. Ng3 f5 27. Qc3 Re7 28. Rd4 Rde8 29. Rbd1 Nd7 30. Qc6+ Kb8 31. Qxd6 cxd6 32. Kf1 Rc8 33. Ne2 g5 34. h4 gxh4 35. Rxh4 Re5 36. Nd4 Kb7 37. Rh7 Rc7 38. Ne6 Re4 39. Nxc7 Kxc7 40. Rc1+ Kd8 41. Rc6 Nf8 42. Rh8 Re8 43. Rxd6+ Ke7 44. Rxb6 Rd8 45. Rxa6 Rxd5 46. Ra7+ Nd7 47. Rh7+ Ke6 48. Rhxd7 1-0

[Event "2026 European Womens Championship"]
[Site "Batumi, GE"]
[Date "2026.05.26"]
[Round "2"]
[White "Nenova, Andzhelika"]
[Black "Rakhmangulova, Anastasiya"]
[Result "0-1"]
[Board "43"]
[TimeControl "5400+30"]
[WhiteFideId "2939355"]
[BlackFideId "14117479"]
[WhiteElo "2072"]
[BlackElo "2328"]
[BlackTitle "WGM"]
[WhiteClock "0:03:43"]
[BlackClock "0:30:48"]
[Variant "Standard"]

1. e4 c5 2. Nf3 e6 3. d4 cxd4 4. Nxd4 a6 5. Be2 Nf6 6. Nc3 Qc7 7. O-O Nc6 8. Re1 Nxd4 9. Qxd4 Bc5 10. Qd3 h5 11. Qg3 Qxg3 12. hxg3 d6 13. Bf4 Ng4 14. Bxg4 hxg4 15. Rad1 Bd7 16. Bxd6 Bb6 17. Be5 f6 18. Bd4 Bc7 19. Rd3 O-O-O 20. Red1 Rh5 21. Kf1 Bc6 22. a3 Rh1+ 23. Ke2 Rh2 24. Kf1 f5 25. Bxg7 Rg8 26. Bd4 fxe4 27. Re3 Rd8 28. Kg1 Rh7 29. Ree1 Rh5 30. Be3 Rdh8 31. Kf1 Rh2 32. Bd4 R8h7 33. Be3 Be5 34. Ke2 Rxg2 35. Rg1 Rgh2 36. Kd2 Bg7 37. Ke2 Bf8 38. Bb6 Be7 39. Be3 R7h5 40. Rde1 b5 41. Rd1 a5 42. Rd4 Bc5 43. Rdd1 b4 44. axb4 axb4 45. Nb1 Bb5+ 46. Kd2 Rxf2+ 47. Bxf2 Bxf2 48. Rge1 Rd5+ 49. Kc1 e3 50. c3 Rxd1+ 51. Kxd1 Bxe1 0-1

[Event "2026 European Womens Championship"]
[Site "Batumi, GE"]
[Date "2026.05.26"]
[Round "2"]
[White "Liashkevich, Lizaveta"]
[Black "Iglesias, Yosha"]
[Result "1/2-1/2"]
[Board "44"]
[TimeControl "5400+30"]
[WhiteFideId "13518658"]
[BlackFideId "637823"]
[WhiteElo "2079"]
[BlackElo "2325"]
[WhiteTitle "WFM"]
[BlackTitle "FM"]
[WhiteClock "0:00:40"]
[BlackClock "0:06:10"]
[Variant "Standard"]

1. e4 c6 2. d4 d5 3. Nd2 dxe4 4. Nxe4 Nf6 5. Nxf6+ exf6 6. c3 a5 7. a4 Bd6 8. Bd3 O-O 9. Ne2 Re8 10. O-O Na6 11. Bf4 Bg4 12. Bxd6 Qxd6 13. Qc2 Bxe2 14. Bxe2 Nc7 15. Bc4 h5 16. Qg6 Nd5 17. Qxh5 g6 18. Qh6 Re4 19. Rae1 Rae8 20. Rxe4 Rxe4 21. Bd3 Re8 22. Qd2 Nf4 23. Bc4 Kg7 24. Re1 Rh8 25. g3 Nh3+ 26. Kg2 Qd7 27. f4 b5 28. axb5 cxb5 29. Bd3 g5 30. f5 b4 31. Be4 bxc3 32. bxc3 a4 33. Qa2 Re8 34. Qe2 Rh8 35. Qa2 Re8 36. Qe2 Rh8 37. Qa2 1/2-1/2

[Event "2026 European Womens Championship"]
[Site "Batumi, GE"]
[Date "2026.05.26"]
[Round "2"]
[White "Toncheva, Nadya"]
[Black "Deak-Sala, Emilia"]
[Result "1-0"]
[Board "45"]
[TimeControl "5400+30"]
[WhiteFideId "2924056"]
[BlackFideId "795615"]
[WhiteElo "2320"]
[BlackElo "2086"]
[WhiteTitle "WGM"]
[BlackTitle "WFM"]
[WhiteClock "0:24:38"]
[BlackClock "0:07:30"]
[Variant "Standard"]

1. e4 c5 2. c3 d5 3. exd5 Qxd5 4. Nf3 Nf6 5. d4 e6 6. Be3 Nc6 7. dxc5 Qxd1+ 8. Kxd1 Nd5 9. Bd4 f6 10. Bc4 Nde7 11. Na3 a6 12. b4 e5 13. Be3 Bg4 14. h3 Bxf3+ 15. gxf3 Nf5 16. Ke2 Nxe3 17. fxe3 O-O-O 18. Be6+ Kb8 19. Nc4 g6 20. a4 Na7 21. Nb6 Bg7 22. Rad1 Kc7 23. Bc4 Rxd1 24. Rxd1 Rd8 25. Nd5+ Kb8 26. e4 f5 27. Rb1 Bf8 28. Nb6 Nc8 29. Nxc8 Kxc8 30. exf5 gxf5 31. Be6+ Kc7 32. Bxf5 Bh6 33. Rd1 Rxd1 34. Kxd1 Bg7 35. Bxh7 e4 36. Bxe4 Bxc3 37. b5 Bd4 38. c6 axb5 39. axb5 1-0

[Event "2026 European Womens Championship"]
[Site "Batumi, GE"]
[Date "2026.05.26"]
[Round "2"]
[White "Avetisyan, Ani"]
[Black "Avramidou, Anastasia"]
[Result "0-1"]
[Board "46"]
[TimeControl "5400+30"]
[WhiteFideId "13319035"]
[BlackFideId "4239873"]
[WhiteElo "2052"]
[BlackElo "2320"]
[BlackTitle "FM"]
[WhiteClock "0:00:39"]
[BlackClock "0:01:57"]
[Variant "Standard"]

1. d4 Nf6 2. Nf3 c5 3. d5 b5 4. Bg5 Qb6 5. a4 b4 6. a5 Qd6 7. c4 g6 8. Nbd2 Bg7 9. g3 Qc7 10. Bg2 d6 11. Bxf6 Bxf6 12. Qc2 Na6 13. Qb3 O-O 14. O-O e6 15. Ne4 Bg7 16. dxe6 Bxe6 17. Rfd1 Rad8 18. Neg5 Bc8 19. Nd2 Nb8 20. Nh3 Nc6 21. Bxc6 Bxh3 22. Bf3 Rfe8 23. Nf1 Bd4 24. e3 Be5 25. Nd2 h5 26. Bd5 Kg7 27. Ne4 Bf5 28. Ng5 Bf6 29. Nf3 h4 30. Kg2 Qc8 31. a6 Rh8 32. Rh1 Rh6 33. e4 Bh3+ 34. Kg1 Rdh8 35. e5 dxe5 36. Qe3 e4 37. Qxe4 Re8 38. Qf4 Rh5 39. Nd2 Rf5 40. Qd6 Bd4 41. Ne4 Rxe4 42. Rf1 Re2 43. Bb7 Bxf2+ 0-1

[Event "2026 European Womens Championship"]
[Site "Batumi, GE"]
[Date "2026.05.26"]
[Round "2"]
[White "Hariharan, Shambavi"]
[Black "Matnadze Bujiashvili, Ann"]
[Result "1/2-1/2"]
[Board "47"]
[TimeControl "5400+30"]
[WhiteFideId "488160"]
[BlackFideId "13601377"]
[WhiteElo "2008"]
[BlackElo "2310"]
[WhiteTitle "WFM"]
[BlackTitle "IM"]
[WhiteClock "0:17:18"]
[BlackClock "0:15:37"]
[Variant "Standard"]

1. d4 Nf6 2. c4 e6 3. Nc3 d5 4. cxd5 exd5 5. Bg5 c6 6. Qc2 Be7 7. e3 Nbd7 8. Bd3 Nf8 9. Nge2 Ne6 10. Bh4 g6 11. O-O O-O 12. f3 b6 13. Bf2 c5 14. Qd2 Bb7 15. Rad1 Rc8 16. Kh1 cxd4 17. Nxd4 Nxd4 18. exd4 Ne8 19. Qe2 Nc7 20. f4 Ne6 21. Qf3 Bf6 22. Ne2 Qd7 23. Qg4 Nc5 24. Qxd7 Nxd7 25. f5 Bg7 26. Bh4 Nf6 27. Bxf6 Bxf6 28. fxg6 fxg6 29. g3 Rce8 30. Bb5 Re3 31. Nc3 Kg7 32. a3 h5 33. Kg1 Rh8 34. Kf2 Re7 35. h4 Rf8 36. Kg2 Re3 37. Rf4 Be7 38. Rxf8 Bxf8 39. Kf2 Re6 40. Be2 Rc6 41. Rc1 Be7 42. Bf3 Bf6 43. Rd1 Rc8 44. Rd2 1/2-1/2

[Event "2026 European Womens Championship"]
[Site "Batumi, GE"]
[Date "2026.05.26"]
[Round "2"]
[White "Zimina, Olga"]
[Black "Subramanian, Anusha"]
[Result "1-0"]
[Board "48"]
[TimeControl "5400+30"]
[WhiteFideId "4132190"]
[BlackFideId "477710"]
[WhiteElo "2290"]
[BlackElo "2068"]
[WhiteTitle "IM"]
[BlackTitle "WFM"]
[WhiteClock "0:08:49"]
[BlackClock "0:00:48"]
[Variant "Standard"]

1. d4 f5 2. e4 fxe4 3. Nc3 Nf6 4. Bg5 g6 5. h4 d5 6. h5 Rg8 7. hxg6 hxg6 8. f3 Qd6 9. Nge2 exf3 10. gxf3 Bf5 11. Qd2 Nbd7 12. O-O-O a6 13. Bh3 O-O-O 14. Nf4 Nb6 15. Rde1 Nc4 16. Qe2 Qb4 17. Nd1 Kb8 18. Ne6 Rd6 19. Bxf5 gxf5 20. Bf4 Rd7 21. Reg1 Qa5 22. Kb1 Qb5 23. Ka1 Rxg1 24. Rxg1 Nh5 25. Rg8 Nxf4 26. Rxf8+ Ka7 27. Nxf4 Qb4 28. Rxf5 c6 29. c3 Qb6 30. Ne6 a5 31. Rf8 a4 32. Nc5 1-0

[Event "2026 European Womens Championship"]
[Site "Batumi, GE"]
[Date "2026.05.26"]
[Round "2"]
[White "Krkyasharyan, Sona"]
[Black "Unuk, Laura"]
[Result "0-1"]
[Board "49"]
[TimeControl "5400+30"]
[WhiteFideId "13316729"]
[BlackFideId "14609215"]
[WhiteElo "2063"]
[BlackElo "2289"]
[WhiteTitle "WFM"]
[BlackTitle "IM"]
[WhiteClock "1:05:26"]
[BlackClock "0:08:04"]
[Variant "Standard"]

1. d4 Nf6 2. c4 e6 3. Nf3 d5 4. g3 Bb4+ 5. Bd2 Be7 6. Bg2 O-O 7. O-O c6 8. Qc2 Nbd7 9. Rd1 a5 10. Bf4 a4 11. Nc3 dxc4 12. Nd2 Nb6 13. e4 Bd7 14. a3 Rc8 15. Nf3 Be8 16. Ne5 Nfd7 17. Nxa4 Nxa4 18. Qxa4 b5 19. Qc2 Nxe5 20. Bxe5 f6 21. Bf4 Bh5 22. Rd2 Qa5 23. Bh3 Bf7 24. d5 cxd5 25. exd5 exd5 26. Bxc8 Rxc8 27. Re1 Bf8 28. Rdd1 d4 29. Qf5 Rd8 30. Bd2 Qa4 31. Bc3 d3 32. Rd2 Qa6 33. Bb4 Bxb4 34. axb4 Bd5 35. f3 Qd6 36. Qh5 g6 37. Qg4 Qxb4 38. Qf4 Qf8 39. Kg2 Rd7 40. h4 h5 41. Qe3 Kg7 42. Ra1 Qd6 43. Kf2 Re7 44. Qd4 Qe6 45. Qc5 Kf7 46. Kg2 Qf5 47. Qf2 g5 48. hxg5 fxg5 49. Re1 Rxe1 50. Qxe1 g4 51. Qe3 Qxf3+ 52. Qxf3+ Bxf3+ 53. Kf2 Be2 54. Ke3 Kf6 55. Kd4 h4 56. gxh4 g3 57. Ke3 Kf5 58. b3 g2 59. Kf2 c3 0-1

[Event "2026 European Womens Championship"]
[Site "Batumi, GE"]
[Date "2026.05.26"]
[Round "2"]
[White "Radeva, Viktoria"]
[Black "Golsta, Madara"]
[Result "1-0"]
[Board "50"]
[TimeControl "5400+30"]
[WhiteFideId "2915405"]
[BlackFideId "11607386"]
[WhiteElo "2242"]
[BlackElo "2023"]
[WhiteTitle "WGM"]
[WhiteClock "0:08:28"]
[BlackClock "0:03:31"]
[Variant "Standard"]

1. e4 c5 2. Nf3 g6 3. d4 cxd4 4. Nxd4 Bg7 5. c4 Nc6 6. Be3 Qb6 7. Nb3 Qd8 8. Qd2 Nf6 9. Nc3 Ng4 10. Bf4 d6 11. h3 Nf6 12. Bh6 Bxh6 13. Qxh6 a5 14. Be2 a4 15. Nd2 Qa5 16. O-O Nd4 17. Bd1 a3 18. b4 Qxb4 19. Nd5 Qa5 20. Qg7 Rf8 21. Nb3 Nxb3 22. Bxb3 Nh5 23. Qd4 Bd7 24. e5 Ra6 25. exd6 Rxd6 26. Qe5 Qd8 27. Rfe1 Bc6 28. Nxe7 Re6 29. Nxc6 bxc6 30. Qc5 Qe7 31. Qa5 Nf4 32. Qa8+ Qd8 33. Qxc6+ Ke7 34. Qb7+ Qd7 35. Qb4+ Kf6 36. Qxf8 1-0

[Event "2026 European Womens Championship"]
[Site "Batumi, GE"]
[Date "2026.05.26"]
[Round "2"]
[White "Charkhalashvili, Inga"]
[Black "Diasamidze, Lulu"]
[Result "1-0"]
[Board "51"]
[TimeControl "5400+30"]
[WhiteFideId "13601431"]
[BlackFideId "13623818"]
[WhiteElo "2235"]
[BlackElo "1924"]
[WhiteTitle "WGM"]
[WhiteClock "0:07:52"]
[BlackClock "0:00:49"]
[Variant "Standard"]

1. Nf3 Nf6 2. b3 e6 3. Bb2 Be7 4. e3 O-O 5. Be2 d5 6. O-O Nbd7 7. c4 c5 8. d4 b6 9. Nc3 Bb7 10. Rc1 Ne4 11. cxd5 Nxc3 12. Bxc3 Bxd5 13. Qc2 Rc8 14. Qb2 Bf6 15. Rfd1 Qe7 16. Qb1 cxd4 17. Nxd4 Nc5 18. f3 Bg5 19. Bd2 Qf6 20. b4 Nb7 21. Nb5 Rxc1 22. Qxc1 e5 23. e4 Bxd2 24. Rxd2 Be6 25. Nxa7 Qf4 26. Qc3 h5 27. Nc6 Kh7 28. Ba6 Rc8 29. Bxb7 Rc7 30. Ba8 Qh4 31. g3 Qg5 32. b5 h4 33. Kg2 f5 34. Re2 fxe4 35. Rxe4 h3+ 36. Kf2 Rd7 37. Nxe5 Ra7 38. Bc6 Rxa2+ 39. Re2 Ra4 40. Qc2+ 1-0

[Event "2026 European Womens Championship"]
[Site "Batumi, GE"]
[Date "2026.05.26"]
[Round "2"]
[White "Kulon, Klaudia"]
[Black "Khairova, Evelina"]
[Result "1-0"]
[Board "52"]
[TimeControl "5400+30"]
[WhiteFideId "1131044"]
[BlackFideId "2845768"]
[WhiteElo "2377"]
[BlackElo "1880"]
[WhiteTitle "IM"]
[WhiteClock "0:47:11"]
[BlackClock "0:00:38"]
[Variant "Standard"]

1. c4 e6 2. Nc3 d5 3. d4 Nf6 4. cxd5 exd5 5. Bg5 Be7 6. e3 h6 7. Bh4 O-O 8. Bd3 b6 9. Nge2 Bb7 10. f3 Nbd7 11. Bf2 c5 12. O-O a6 13. Rc1 c4 14. Bb1 b5 15. a3 Qb6 16. Ng3 g6 17. e4 dxe4 18. fxe4 a5 19. Kh1 b4 20. d5 Qa6 21. axb4 axb4 22. Nce2 Ng4 23. Bg1 Nge5 24. Be3 Kg7 25. Nd4 Bf6 26. Ngf5+ gxf5 27. Nxf5+ Kg6 28. Nxh6 Rh8 29. Ng4 Rh4 30. Rxf6+ Nxf6 31. Nxe5+ Kg7 32. Bg5 Rh7 33. Qd4 Rh5 34. Nf3 Rc8 35. h4 Qb5 36. Qxf6+ 1-0

[Event "2026 European Womens Championship"]
[Site "Batumi, GE"]
[Date "2026.05.26"]
[Round "2"]
[White "Bulmaga, Irina"]
[Black "Muradyan, Anahit"]
[Result "1-0"]
[Board "53"]
[TimeControl "5400+30"]
[WhiteFideId "13903063"]
[BlackFideId "13314807"]
[WhiteElo "2361"]
[BlackElo "1977"]
[WhiteTitle "IM"]
[WhiteClock "0:14:30"]
[BlackClock "0:03:03"]
[Variant "Standard"]

1. e4 c5 2. Nf3 a6 3. c3 d5 4. exd5 Qxd5 5. d4 e6 6. Be3 cxd4 7. cxd4 Nf6 8. Nc3 Qa5 9. Bd3 Nc6 10. O-O Nb4 11. Be2 Bd6 12. Ne5 Bxe5 13. dxe5 Qxe5 14. Qa4+ Nc6 15. Qa3 Qa5 16. Qd6 Qe5 17. Qa3 Qa5 18. Qb3 O-O 19. Rad1 b5 20. Bf3 Bb7 21. Bg5 b4 22. Bxf6 gxf6 23. Ne4 Qe5 24. Qe3 Kg7 25. Nd6 Qxb2 26. Nxb7 Ne5 27. Be4 Qxa2 28. Qg3+ Ng6 29. h4 f5 30. Bb1 Qe2 31. Nd6 Rad8 32. Bd3 Qh5 33. Bxa6 Qxh4 34. Qe3 f4 35. Qd4+ Qf6 36. Qxf6+ Kxf6 37. Ne4+ Ke7 38. Rc1 Rd7 39. Nc5 Rc7 40. Nb3 Ra7 41. Bb5 Ne5 42. Rfe1 Kf6 43. Rc5 Ng6 44. Nd4 Rg8 45. Kf1 Nh4 46. Bc6 Rc8 47. Rb5 Ng6 48. Rxb4 Ne5 49. Be4 Ra2 50. Bb1 Ra3 51. Nb5 Nd3 52. Bxd3 Rxd3 53. Rxf4+ Ke7 54. Nd4 Rc5 55. Nf5+ Kf6 56. Nd6+ Kg5 57. Ne4+ Kxf4 58. Nxc5 Rd5 59. Ne4 h5 60. g3+ Kf5 61. Kg2 Rd4 62. Kf3 f6 63. Nc5 e5 64. Ne4 Rd3+ 65. Re3 Rd4 66. Re2 Rb4 67. Nd6+ Ke6 68. Ne4 Kf5 69. Nc3 h4 70. Nd5 Rd4 71. Ne3+ Kg5 72. g4 Ra4 73. Rc2 Rd4 74. Rc8 e4+ 75. Kg2 Kf4 76. Rc5 1-0

[Event "2026 European Womens Championship"]
[Site "Batumi, GE"]
[Date "2026.05.26"]
[Round "2"]
[White "Gvetadze, Sofio"]
[Black "Radikovic, Anamarija"]
[Result "1-0"]
[Board "54"]
[TimeControl "5400+30"]
[WhiteFideId "13601440"]
[BlackFideId "14546264"]
[WhiteElo "2311"]
[BlackElo "1974"]
[WhiteTitle "IM"]
[BlackTitle "WFM"]
[WhiteClock "0:17:14"]
[BlackClock "0:06:25"]
[Variant "Standard"]

1. e4 c5 2. Nf3 d6 3. d4 cxd4 4. Nxd4 Nf6 5. Nc3 a6 6. Be2 e5 7. Nb3 Be7 8. O-O O-O 9. Be3 Be6 10. Bf3 Nbd7 11. a4 b6 12. Re1 Rc8 13. h3 h6 14. Re2 Qc7 15. Rd2 Qb8 16. Nc1 Nc5 17. N1e2 Rc7 18. Ng3 Rd8 19. Nd5 Nxd5 20. exd5 Bd7 21. Bg4 Be8 22. b3 Bf8 23. f4 exf4 24. Bxf4 g6 25. Be3 h5 26. Bxh5 Bg7 27. Bd4 b5 28. axb5 axb5 29. Bf3 b4 30. Bxg7 Kxg7 31. Rd4 Qb6 32. Kh1 Rdc8 33. Qd2 Na6 34. Rh4 Rxc2 35. Qh6+ Kf6 36. Re1 1-0

[Event "2026 European Womens Championship"]
[Site "Batumi, GE"]
[Date "2026.05.26"]
[Round "2"]
[White "Hrebenshchykova, Yelyzaveta"]
[Black "Esadze, Tamari"]
[Result "1-0"]
[Board "55"]
[TimeControl "5400+30"]
[WhiteFideId "14159899"]
[BlackFideId "13611186"]
[WhiteElo "2309"]
[BlackElo "1974"]
[WhiteTitle "WGM"]
[WhiteClock "0:02:23"]
[BlackClock "0:01:38"]
[Variant "Standard"]

1. e4 c5 2. Nf3 d6 3. d4 cxd4 4. Nxd4 Nf6 5. Nc3 a6 6. Qf3 e6 7. g4 Nc6 8. Nxc6 bxc6 9. g5 Nd7 10. Bf4 e5 11. Be3 Nb6 12. Bxb6 Qxb6 13. Bc4 Qc7 14. h4 Qe7 15. O-O-O Be6 16. Qd3 Qb7 17. f4 exf4 18. Rhf1 Be7 19. Bxe6 fxe6 20. Rxf4 Rf8 21. Rxf8+ Bxf8 22. e5 O-O-O 23. exd6 Bxd6 24. Qxh7 Bf4+ 25. Kb1 Rxd1+ 26. Nxd1 Qd7 27. Nc3 Qd4 28. a3 Kb7 29. Qg6 Bc7 30. h5 Be5 31. Qf7+ Kb6 32. h6 Qg1+ 33. Ka2 gxh6 34. Na4+ Ka5 35. Qxe6 Qd4 36. gxh6 Qd5+ 37. Qxd5+ cxd5 38. Nc5 Kb5 39. Nd3 Bf6 40. h7 Kc6 41. Nf4 1-0

[Event "2026 European Womens Championship"]
[Site "Batumi, GE"]
[Date "2026.05.26"]
[Round "2"]
[White "Venskaya, Nika"]
[Black "Arakhamia-Grant, Ketevan"]
[Result "1-0"]
[Board "56"]
[TimeControl "5400+30"]
[WhiteFideId "13523503"]
[BlackFideId "13600168"]
[WhiteElo "1937"]
[BlackElo "2306"]
[WhiteTitle "WCM"]
[BlackTitle "GM"]
[WhiteClock "0:12:17"]
[BlackClock "0:00:44"]
[Variant "Standard"]

1. d4 d5 2. c4 e6 3. Nf3 Nf6 4. g3 dxc4 5. Bg2 Nc6 6. O-O Rb8 7. e3 b5 8. Nfd2 Bb7 9. b3 cxb3 10. axb3 Be7 11. Bb2 O-O 12. Qe2 b4 13. Rc1 Nd5 14. Ne4 Ba8 15. Nbd2 Re8 16. Nc5 Bf8 17. Nd3 g6 18. Nf3 Bg7 19. Rc5 Rb6 20. Nd2 Qb8 21. Qf1 Rb5 22. Rc2 Ra5 23. Rac1 Nce7 24. Nc4 Ra2 25. Qe1 Rd8 26. e4 Nc3 27. Nxb4 Qxb4 28. Bxc3 Qxb3 29. Ne3 Rxc2 30. Rxc2 Qa4 31. h4 h5 32. Rc1 Qe8 33. Rd1 Qc6 34. Bb4 Qe8 35. Bc5 Nc6 36. d5 exd5 37. Nxd5 Qe5 38. f4 Qb2 39. e5 Kh7 40. Bf2 Qb3 41. Rb1 Qa2 42. Nc3 Qc4 43. Ne4 Ne7 44. Rc1 Qa4 45. Ng5+ Kg8 46. Bxa8 Rxa8 47. Rxc7 Nf5 48. Nxf7 a5 49. Nd6 Rd8 50. Qd2 Qb3 51. Rc3 Qb1+ 52. Rc1 Qb3 53. Qxa5 Rxd6 54. exd6 Bd4 55. Qa8+ Kh7 56. Rc7+ Kh6 57. Qf8+ Bg7 58. Rxg7 1-0

[Event "2026 European Womens Championship"]
[Site "Batumi, GE"]
[Date "2026.05.26"]
[Round "2"]
[White "Jarocka, Liwia"]
[Black "Avelino, Camila Biscaya"]
[Result "1-0"]
[Board "57"]
[TimeControl "5400+30"]
[WhiteFideId "21807558"]
[BlackFideId "1938975"]
[WhiteElo "2288"]
[BlackElo "1937"]
[WhiteTitle "FM"]
[BlackTitle "WFM"]
[WhiteClock "1:00:22"]
[BlackClock "0:08:23"]
[Variant "Standard"]

1. e4 c5 2. Nf3 d6 3. Bc4 Nf6 4. d3 Nc6 5. O-O e6 6. a4 Be7 7. Bb3 b6 8. c3 Bb7 9. Re1 Qc7 10. Nbd2 O-O 11. Nf1 a6 12. h3 b5 13. Bc2 b4 14. Bd2 d5 15. e5 Nd7 16. d4 bxc3 17. bxc3 cxd4 18. cxd4 Nb4 19. Bxh7+ Kxh7 20. Bxb4 Nb6 21. Bxe7 Qxe7 22. Qb1+ 1-0

[Event "2026 European Womens Championship"]
[Site "Batumi, GE"]
[Date "2026.05.26"]
[Round "2"]
[White "Szczotka, Klara"]
[Black "Rusitashvili, Tea"]
[Result "1-0"]
[Board "58"]
[TimeControl "5400+30"]
[WhiteFideId "21858845"]
[BlackFideId "13640771"]
[WhiteElo "2241"]
[BlackElo "1929"]
[WhiteTitle "WFM"]
[BlackTitle "WCM"]
[WhiteClock "0:01:24"]
[BlackClock "0:00:43"]
[Variant "Standard"]

1. d4 d5 2. c4 e6 3. Nc3 Be7 4. cxd5 exd5 5. Bf4 Nf6 6. e3 Bf5 7. Bd3 Bxd3 8. Qxd3 c6 9. Nf3 O-O 10. h3 Nbd7 11. O-O Re8 12. Bh2 Nf8 13. Ne5 Bd6 14. a3 a5 15. Rab1 a4 16. Kh1 Ng6 17. f4 Ne4 18. Nxe4 dxe4 19. Qc4 Qe7 20. Ng4 h5 21. f5 Nh4 22. Bxd6 Qxd6 23. Ne5 Qf6 24. Rf4 Re7 25. Rbf1 Qg5 26. R1f2 Rc7 27. Qc2 c5 28. d5 Re7 29. Nc4 b5 30. d6 Ree8 31. d7 Red8 32. Nb6 Rab8 33. Qxc5 Qg3 34. f6 Rxb6 35. Qe7 Rbb8 36. fxg7 Qxg7 37. Rxh4 Qg6 38. Rhf4 Rf8 39. Rf6 Qg5 40. R2f4 Qd5 41. R6f5 Qc6 42. Rg5+ Kh7 43. Rxh5+ Kg7 44. Rg4+ 1-0

[Event "2026 European Womens Championship"]
[Site "Batumi, GE"]
[Date "2026.05.26"]
[Round "2"]
[White "Calzetta Ruiz, Monica"]
[Black "Demirtas, Hafize"]
[Result "1-0"]
[Board "59"]
[TimeControl "5400+30"]
[WhiteFideId "2204185"]
[BlackFideId "6382070"]
[WhiteElo "2199"]
[BlackElo "1928"]
[WhiteTitle "WGM"]
[WhiteClock "0:05:08"]
[BlackClock "0:00:57"]
[Variant "Standard"]

1. e4 e5 2. Nf3 Nc6 3. Bb5 Nge7 4. Nc3 Ng6 5. h4 Nd4 6. Bc4 h5 7. d3 d5 8. Nxd5 Bg4 9. c3 Nxf3+ 10. gxf3 Be6 11. Qb3 Bd6 12. Bg5 Qc8 13. O-O-O b5 14. Qxb5+ Bd7 15. Qa6 Qb8 16. Rhg1 Nf8 17. f4 c6 18. fxe5 Bxe5 19. Nb4 Qc7 20. d4 Bd6 21. Nd3 Bg4 22. f3 Bc8 23. Qa4 Ne6 24. e5 Bf8 25. d5 Nxg5 26. Rxg5 g6 27. f4 Bh6 28. Rgg1 Bg4 29. Rde1 O-O 30. Qxc6 Qd8 31. e6 Qxh4 32. e7 Rfe8 33. d6 Qf6 34. Kb1 Rab8 35. Qd5 Bg7 36. Ne5 Be6 37. Qd4 Qf5+ 38. Bd3 Bxe5 39. Rxe5 Qh3 40. f5 Bd7 41. fxg6 f6 42. Qd5+ 1-0

[Event "2026 European Womens Championship"]
[Site "Batumi, GE"]
[Date "2026.05.26"]
[Round "2"]
[White "Koghuashvili, Tekla"]
[Black "Maisuradze, Nino"]
[Result "1-0"]
[Board "60"]
[TimeControl "5400+30"]
[WhiteFideId "13621564"]
[BlackFideId "13601717"]
[WhiteElo "1921"]
[BlackElo "2198"]
[BlackTitle "WGM"]
[WhiteClock "0:30:44"]
[BlackClock "0:01:23"]
[Variant "Standard"]

1. e4 c5 2. c3 Nf6 3. e5 Nd5 4. d4 cxd4 5. Qxd4 e6 6. Nf3 Nc6 7. Qe4 f5 8. Qe2 Qc7 9. g3 b5 10. Bg2 a5 11. O-O Ba6 12. Rd1 Bc5 13. Nh4 Nce7 14. Bg5 O-O 15. Nd2 Rab8 16. Nb3 Bb6 17. Nd4 h6 18. Bxe7 Nxe7 19. a4 Qc4 20. Qh5 bxa4 21. Bf1 Qc8 22. Bxa6 Qxa6 23. Rxa4 Bc7 24. Ndf3 Rxb2 25. Rad4 Bb6 26. Rxd7 Bxf2+ 27. Kh1 Qe2 28. Rd8 Rb8 29. R8d2 Qe3 30. Rf1 Bxg3 31. hxg3 Qxc3 32. Rd7 Qc5 33. Rfd1 a4 34. Ng6 Rfe8 35. Nxe7+ Rxe7 36. Rd8+ 1-0